[Event "*** Titled Tuesday Blitz"]
[Site "Chess.com"]
[Date "2020.05.26"]
[Round "10"]
[White "Tenamu"]
[Black "Shivagami"]
[Result "1/2-1/2"]
[WhiteElo "2369"]
[BlackElo "2241"]
[TimeControl "180+1"]
[EndTime "12:04:15 PDT"]
[Termination "Game drawn by repetition"]

1. d4 d5 2. Nc3 Nf6 3. Bf4 c5 4.
e3 cxd4 5. exd4 a6 6. Nce2 Nc6 7. c3 Bf5 8. Ng3 Bg6 9. h4 h6 10. h5 Bh7 11. Nf3 e6 12. Bd3 Bxd3 13. Qxd3 Bd6 14. Ne5 Qc7 15. Qe2 O-O-O 16. O-O-O Kb8 17. Kb1 Ka8 18. Rhe1 Bxe5 19. dxe5 Nd7 20. Nf1 f6 21. Qg4 fxe5 22. Bg3 Nf6 23. Qxe6 Rhe8 24. Qf5 Qd7 25. Qg6 d4 26. Ne3 Qe6 27. cxd4 exd4 28. Nc2 Qd7 29. Qd3 Rxe1 30. Rxe1 Nd5 31. Bh4 Ndb4 32. Nxb4 Nxb4 33. Qe4 Rc8 34. a3 Nc6 35. Rd1 Re8 36. Qd3 Qd5 37. Bg3 Rd8 38. f3 Rd7 39. Bf2 Ne5 40.
Qf5 Nc6 41. Qf8+ Ka7 42. Re1 Rd8 43. Qxg7 Ka8 44. Rd1 d3 45. Qc7 d2 46. Qb6 Qd3+ 47.
Ka2 Rd6 48. Be3 Qd5+ 49. Ka1 Qd3 50. Rxd2 Qf1+ 51. Ka2 Rxd2 52. Bxd2 Qxg2 53. Bc3 Qxf3 54. Qc7 Qd5+ 55. Ka1 Qd1+ 56. Ka2 Qd5+ 57. Kb1 Qf5+ 58. Ka2 Qd5+ 1/2-1/2

[Event "*** Titled Tuesday Blitz"]
[Site "Chess.com"]
[Date "2020.05.26"]
[Round "10"]
[White "EfM13"]
[Black "Sweafty"]
[Result "1-0"]
[WhiteElo "2317"]
[BlackElo "2464"]
[TimeControl "180+1"]
[EndTime "12:04:15 PDT"]
[Termination "EfM13 won by checkmate"]

1. e4 c5 2. c3 Nf6 3. e5 Nd5 4. d4 cxd4 5. cxd4 e6 6. Nf3 b6 7. Bd3 Bb7 8. O-O Be7 9. Qe2 Nc6 10. Nc3 Nxc3 11. bxc3 d6 12. Rd1 dxe5 13. dxe5 Qc7 14. Bb2 O-O-O 15. Be4 Bc5 16. a4 Na5 17. Nd4 a6 18. h3 Kb8 19. Bxb7 Qxb7 20. Ba3 Bxd4 21. cxd4 Ka7 22. Rab1 Qd5 23. Bb4 Rb8 24. Qg4 g6 25.
Qf4 Rb7 26. Qf6 Rc8 27. Bd6 h5 28. Qf4 Rc4 29. Rb4 Rxb4 30. Bxb4 Qb3 31. Qd2 Nc4 32. Qe1 Qxa4 33. Ra1 Qb5 34. Bc3 Qd5 35. Qe2 b5 36. Qa2 Qc6 37. Bb4 Rd7 38. Bc5+ Kb7 39. Kh2 Nxe5 40. dxe5 Qxc5 41. Qxa6+ Kc7 42. f4 Qd4 43.
Rc1+ Kd8 44. Qc8+ Ke7 45. Rf1 b4 46. Qh8 Rd8 47. Qf6+ Ke8 48. Qh8+ Kd7 49. Qf6 Rf8 50.
Qg7 Qc5 51. Rd1+ Kc6 52. Rd6+ Kb5 53. Qxf8 b3 54. Qb8+ Kc4 55. Rb6 Qd4 56. Rb4+ Kc3 57. Rxd4 b2 58. Rb4 Kc2 59. Rxb2+ Kc3 60. Rb4 Kd3 61.
g3 Ke3 62. Qc7 Kf2 63. Qd6 Kf3 64. Rb3+ Kf2 65. Qd4+ Kf1 66. Qb2 h4 67. Ra3 hxg3+ 68. Kxg3 Kg1 69. Ra1# 1-0

[Event "*** Titled Tuesday Blitz"]
[Site "Chess.com"]
[Date "2020.05.26"]
[Round "10"]
[White "Antelacus"]
[Black "pavelalexandru07"]
[Result "0-1"]
[WhiteElo "2216"]
[BlackElo "2154"]
[TimeControl "180+1"]
[EndTime "12:04:15 PDT"]
[Termination "pavelalexandru07 won by resignation"]

1. d4 Nf6 2. c4 c5 3. d5 e6 4. Nc3 exd5 5. cxd5 d6 6. e4 g6 7. Nf3 Bg7 8. Be2 O-O 9. O-O Re8 10. Nd2 Nbd7 11.
Qc2 a6 12. a4 Rb8 13. Nc4 Nb6 14. Ne3 Bd7 15. Bd2 Nc8 16. f3 b5 17. axb5 axb5 18.
Ra6 c4 19. Rfa1 Nb6 20. Be1 Qc7 21. Bf2 Ra8 22. Nf1 Rxa6 23. Rxa6 Rb8 24. Qd2 b4 25. Nd1 Bb5 26. Ra5 c3 27. bxc3 Bxe2 28. Qxe2 bxc3 29.
Ra6 c2 30. Be3 c1=Q 31. Bxc1 Qxc1 32. Nde3 Nfd7 33. h4 Rc8 34. Qb5 Bd4 35. Kh2 Bxe3 36. Nxe3 Qxe3 37. Ra7 Qf4+ 38. Kh3 g5 39. hxg5 Qxg5 40.
Rxd7 Nxd7 41. Qxd7 Qh5+ 42. Kg3 Qe5+ 43. Kh3 Re8 44. g4 Kg7 45. Kh4 Qe7+ 46. Qxe7 Rxe7 47.
Kg5 h6+ 48. Kf5 Re5+ 49. Kf4 Kf6 50. Ke3 Kg6 51. f4 Re8 52. Kd4 h5 53. gxh5+ Kxh5 54. e5 Kg6 55. exd6 Kf6 56. Kc5 Rd8 57. Kc6 Kf5 58.
Kc7 Rf8 59. d7 Ke4 60. d6 Kd5 61. f5 f6 62. d8=Q Rxd8 63. Kxd8 Kxd6 64. Ke8 Ke5 65. Kd7 Kxf5 66. Kd6 Kg4 67. Kd5 f5 68. Kd4 f4 69.
Kd3 Kg3 70. Ke2 Kg2 71. Ke1 f3 72. Kd2 f2 0-1

[Event "*** Titled Tuesday Blitz"]
[Site "Chess.com"]
[Date "2020.05.26"]
[Round "10"]
[White "lili_ani"]
[Black "SiddharthGMJagadeesh"]
[Result "0-1"]
[WhiteElo "2537"]
[BlackElo "2439"]
[TimeControl "180+1"]
[EndTime "12:04:19 PDT"]
[Termination "SiddharthGMJagadeesh won on time"]

1. c4 e6 2. Nf3 d5 3. e3 Nf6 4.
b3 Be7 5. Bb2 O-O 6. Qc2 c5 7.
cxd5 exd5 8. a3 Nc6 9. Be2 Bg4 10. O-O Qd7 11. d4 Ne4 12. dxc5 Bxc5 13. b4 Bd6 14. Nc3 Qe6 15. Rfd1 Rac8 16. Nxd5 Nd4 17. Nxd4 Rxc2 18. Nxe6 fxe6 19. Bxg4 exd5 20. Be6+ Kh8 21. Bxd5 Nxf2 22.
Rdb1 Ng4 23. Bd4 Bxh2+ 24. Kh1 Bg3 25. Rc1 Rcf2 26. Bf3 Ne5 27. Bxe5 Bxe5 28. Rf1 R2xf3 29. gxf3 Bxa1 30. Rxa1 Rxf3 31. Rc1 h6 32. Rc7 Rxe3 33. a4 Ra3 34. a5 b6 35. Rxa7 bxa5 36. bxa5 Kh7 37. a6 h5 38. Kg2 Kg6 39. Ra8 h4 40.
a7 Kg5 41. Kh2 Kg4 42. Kg2 g5 43. Kf2 Ra2+ 44. Ke3 h3 45. Ke4 Kg3 46. Rg8 Rxa7 47. Rxg5+ Kh2 48. Kf3 Rf7+ 49. Ke2 Rf6 50. Rg8 Rf4 51.
Rg7 Rc4 52. Rg8 Rc2+ 53. Kf1 Rg2 54. Rh8 Rg3 55. Rh7 Kh1 56. Rh8 Rf3+ 57. Ke2 Kg2 58.
Rg8+ Rg3 59. Rf8 h2 60. Rf2+ Kh3 61. Rf1 Rg1 62. Rf3+ Kh4 63. Rf4+ Kg5 64. Rf8 h1=Q 65. Rg8+ Kf6 66. Rf8+ Ke7 67. Rf2 Rg2 68. Rxg2 Qxg2+ 0-1

[Event "*** Titled Tuesday Blitz"]
[Site "Chess.com"]
[Date "2020.05.26"]
[Round "10"]
[White "djano"]
[Black "GMartin_Petrov"]
[Result "0-1"]
[WhiteElo "2447"]
[BlackElo "2571"]
[TimeControl "180+1"]
[EndTime "12:04:20 PDT"]
[Termination "GMartin_Petrov won on time"]

1. d4 Nf6 2. Nf3 e6 3. Bf4 d5 4.
Nbd2 Bd6 5. Bg3 O-O 6. e3 c5 7.
c3 Nc6 8. Bd3 b6 9. Qe2 Bb7 10.
Rd1 a5 11. e4 Be7 12. e5 Nh5 13. O-O cxd4 14. Nxd4 Nxg3 15. hxg3 Qc8 16. N2f3 Nb8 17. Nh2 Ba6 18. Bb5 Nd7 19. f4 Bc5 20. Nf3 Bxb5 21.
Qxb5 f6 22. exf6 Nxf6 23. Ng5 h6 24. Nf3 Ne4 25. Kh2 Bd6 26. Qc6 Qxc6 27. Nxc6 g5 28. Nfe5 Rf5 29. Nd4 Rf6 30. Ng4 Rg6 31. Ne5 Rf6 32.
Ng4 Rg6 33. Ne5 Rg7 34. Nxe6 Re7 35. Nd4 Nxg3 36. Kxg3 gxf4+ 37. Kf3 Rxe5 38. Nc6 Re3+ 39. Kf2 Bc5 40. Nd4 Rae8 41. Kg1 R8e4 42. Kh1 Bxd4 43. cxd4 Re2 44. b3 Rxa2 45. Rd3 Ree2 46. Rg1 Rf2 47.
Rh3 Kh7 48. Rh5 f3 49. g4 Rfe2 50. Rh3 f2 51. Rf1 Re4 52. g5 Rxd4 53. Rxh6+ Kg7 54.
Rh2 Rf4 55. Rg2 Kg6 56. Kh2 Rb2 57. Kg3 Rf5 58. Kh2 Rxb3 59. Rg3 Rxg3 60. Kxg3 Kxg5 61. Kg2 d4 0-1

[Event "*** Titled Tuesday Blitz"]
[Site "Chess.com"]
[Date "2020.05.26"]
[Round "10"]
[White "Machidon"]
[Black "Manukyan_Artak"]
[Result "1-0"]
[WhiteElo "2511"]
[BlackElo "2301"]
[TimeControl "180+1"]
[EndTime "12:04:30 PDT"]
[Termination "Machidon won by resignation"]

1. d4 c6 2. c4 d5 3. Nf3 Nf6 4. Nc3 e6 5. e3 Nbd7 6. Qc2 Bd6 7. b3 O-O 8. Be2 Qe7 9. O-O e5 10. cxd5 cxd5 11. Nb5 e4 12. Nxd6 Qxd6 13. Nd2 h5 14. a4 Re8 15. Ba3 Qe6 16. Qc7 Nf8 17. Rac1 h4 18. b4 h3 19. g3 Qf5 20. Qf4 Qxf4 21.
gxf4 Bg4 22. Bb5 Re6 23. a5 a6 24. Ba4 Ne8 25. Kh1 Rg6 26. Rg1 Bf3+ 27. Nxf3 exf3 28.
Bd1 Rg2 29. Rf1 Nf6 30. Bxf3 Rg6 31. Rg1 Rxg1+ 32. Kxg1 Ne6 33. Kf1 g6 34. Ke2 Ne4 35. Bg4 f5 36. Bxh3 Kf7 37. Bg2 Rh8 38. h3 g5 39. fxg5 Kg6 40. f4 Rd8 41. Kd3 Kh5 42. Bf3+ Kh4 43. Rg1 Nf2+ 44. Ke2 Nxh3 45. Rh1 Kg3 46.
b5 Rc8 47. Bb4 Rc2+ 48. Kd3 Rb2 49. Be1+ Nf2+ 50. Bxf2+ Kxf2 51. Bd1 Rxb5 52. g6 Rxa5 53. Rh7 Ra3+ 54. Kc2 Rxe3 55. Kd2 Re4 56. g7 Rxd4+ 57.
Kc3 Rc4+ 58. Kd3 Nxg7 59. Rxg7 Rxf4 60. Rxb7 Re4 61. Rb2+ Kg3 62. Bb3 Kf4 63. Bxd5 Ra4 64. Rb3 Ke5 65. Bb7 Rd4+ 66. Kc3 a5 67. Rb5+ Kf4 68.
Kxd4 1-0

[Event "*** Titled Tuesday Blitz"]
[Site "Chess.com"]
[Date "2020.05.26"]
[Round "10"]
[White "WonderChampion"]
[Black "gumimis"]
[Result "1-0"]
[WhiteElo "1950"]
[BlackElo "2165"]
[TimeControl "180+1"]
[EndTime "12:04:32 PDT"]
[Termination "WonderChampion won by checkmate"]

1. e4 c5 2. Nf3 d6 3. Bb5+ Nd7 4. d4 Nf6 5. Nc3 a6 6. Be2 cxd4 7. Nxd4 e6 8. O-O Be7 9. Be3 O-O 10. Kh1 Qc7 11. f4 b5 12. a3 Bb7 13. Bd3 d5 14. e5 Ne4 15. Bxe4 dxe4 16. Qh5 g6 17. Qh3 Nb6 18. Nxe6 fxe6 19. Qxe6+ Rf7 20. Qxb6 Qxb6 21. Bxb6 Rc8 22. Rad1 b4 23. axb4 Bxb4 24. Bd4 Rcf8 25. Ne2 g5 26. c3 Be7 27. Be3 gxf4 28. Rxf4 Rxf4 29. Nxf4 Bg5 30. g3 Re8 31. h4 Bh6 32.
Rd6 Bg7 33. e6 Be5 34. Rb6 Bc8 35. Rc6 Bb7 36. Rb6 Bc8 37. Kg2 Bxf4 38. gxf4 Rxe6 39. Rxe6 Bxe6 40. Kf2 Kf7 41. Bd4 Kg6 42. Ke3 Kf5 43. Be5 Bd5 44. Bd6 Kg4 45. Be7 Bb7 46. Bg5 Kf5 47. c4 Ke6 48. b4 Kd6 49. Kd4 Ke6 50. Bh6 Kd7 51. f5 Ke7 52. Bg5+ Kd7 53. Ke5 Ke8 54.
Ke6 Bc8+ 55. Kf6 Kf8 56. Ke5 Bb7 57. Kf6 Kg8 58. Ke7 e3 59. Bxe3 Be4 60. f6 Bg6 61. c5 Bf7 62. c6 a5 63. c7 axb4 64. c8=Q+ Be8 65. Qxe8# 1-0

[Event "*** Titled Tuesday Blitz"]
[Site "Chess.com"]
[Date "2020.05.26"]
[Round "10"]
[White "BEEkhishig"]
[Black "Shota_Azaladze"]
[Result "1/2-1/2"]
[WhiteElo "2663"]
[BlackElo "2838"]
[TimeControl "180+1"]
[EndTime "12:04:36 PDT"]
[Termination "Game drawn - insufficient material"]

1. c4 g6 2. Nf3 Bg7 3. Nc3 c5 4.
g3 Nc6 5. Bg2 e6 6. O-O Nge7 7.
d4 cxd4 8. Nb5 e5 9. Nd6+ Kf8 10. Ng5 f6 11. Ngf7 Qc7 12. c5 Rg8 13. e3 Nf5 14.
Nxf5 gxf5 15. Nd6 Qa5 16. exd4 Nxd4 17. Be3 Qxc5 18. Nxf5 d5 19. Rc1 Qxc1 20. Bxc1 Bxf5 21. Be3 Ne6 22. Qxd5 Kf7 23. Qxb7+ Kg6 24. Be4 Rab8 25. Bxf5+ Kxf5 26. Qf3+ Kg6 27. Qg4+ Kf7 28. Qh5+ Ke7 29. b3 a5 30. Qxh7 Rh8 31. Bc5+ Kf7 32. Qf5 Nxc5 33. Rc1 Rbc8 34. Kg2 Ne6 35. Rxc8 Rxc8 36. Qh5+ Kf8 37. Qg4 Kf7 38. Qh5+ Ke7 39. Qe2 f5 40. Qa6 Rc5 41. Qa7+ Kf6 42. h4 e4 43. h5 Rc2 44. a4 Rb2 45. Qe3 Ng5 46. h6 Rc2 47.
hxg7 Rc8 48. g4 fxg4 49. Qf4+ Kg6 50. Qxg4 Rg8 51. Qd7 Rxg7 52. Qc6+ Kf5 53. Kf1 Nf3 54. Qc8+ Kf6 55. Qf8+ Rf7 56. Qd8+ Re7 57. Ke2 Ke6 58. Ke3 Ng5 59. Qxa5 Kf6 60. Qb6+ Ne6 61. a5 Rd7 62.
a6 Rd1 63. a7 Re1+ 64. Kd2 Ra1 65. b4 Ke5 66. Qa5+ Rxa5 67. bxa5 Nc7 68. Kc3 Kf4 69. Kc4 Kf3 70. Kd4 Na8 71. Kd5 Nc7+ 72. Kc6 Na8 73. Kb7 Kxf2 74. Kxa8 e3 75. Kb8 e2 76. a8=Q e1=Q 77.
Qb7 Qxa5 78. Qa7+ Qxa7+ 79. Kxa7 1/2-1/2

[Event "*** Titled Tuesday Blitz"]
[Site "Chess.com"]
[Date "2020.05.26"]
[Round "10"]
[White "CyberdelChess"]
[Black "Larina_Marija"]
[Result "1/2-1/2"]
[WhiteElo "2267"]
[BlackElo "2153"]
[TimeControl "180+1"]
[EndTime "12:04:42 PDT"]
[Termination "Game drawn by repetition"]

1. e4 d5 2. exd5 Qxd5 3. Nc3 Qa5 4. d4 Nf6 5. Nf3 Bf5 6. Bc4 e6 7. Bd2 c6 8. Bb3 Nbd7 9. Qe2 Qc7 10. h3 h6 11. O-O-O O-O-O 12. Kb1 Nb6 13. g4 Bh7 14. Ne5 Bd6 15. Rhe1 Rhe8 16. h4 Nbd5 17. g5 Nxc3+ 18.
Bxc3 hxg5 19. hxg5 Nd5 20. Bd2 f6 21. Nc4 Bf4 22.
gxf6 gxf6 23. Ba5 b6 24. Bd2 Bxd2 25. Qxd2 Kb7 26. Qh6 Bf5 27. Ne3 Nxe3 28. Qxe3 e5 29. d5 c5 30. d6 Qd7 31. Qf3+ e4 32. Bd5+ Kb8 33. Bxe4 Bxe4 34. Rxe4 Rxe4 35. Qxe4 Qb7 36. Qe6 Qf3 37. Re1 Qf4 38. d7 Kc7 39. Rd1 Qe5 40. Qf7 Qe2 41. Qd5 Qe5 42. Qf7 Qe2 43. Qd5 Qe5 44.
Qd2 Qe6 45. Qf4+ Qe5 46. Qd2 Qe6 47. Qd3 Rxd7 48. Qxd7+ Qxd7 49. Rxd7+ Kxd7 50. Kc1 Ke6 51. Kd2 Kd5 52. Kd3 b5 53. b3 f5 54. Ke3 Ke5 55. c4 b4 56. f4+ Ke6 57. Kf3 Kf6 58. Kg3 a6 59. Kh4 Kg6 60. Kg3 Kh5 61. Kh3 a5 62.
Kg3 Kg6 63. Kh4 Kh6 64. Kg3 Kh5 65. Kh3 Kg6 66. Kh4 Kh6 67. Kg3 Kg6 68. Kh3 Kh5 69. Kg3 Kg6 1/2-1/2

[Event "*** Titled Tuesday Blitz"]
[Site "Chess.com"]
[Date "2020.05.26"]
[Round "10"]
[White "Turquoise_2701"]
[Black "DrBergerBerger"]
[Result "1/2-1/2"]
[WhiteElo "2192"]
[BlackElo "2356"]
[TimeControl "180+1"]
[EndTime "12:04:44 PDT"]
[Termination "Game drawn - insufficient material"]

1. Nf3 c5 2. c4 Nc6 3. g3 g6 4. Bg2 Bg7 5. O-O e6 6. Nc3 Nge7 7. d3 O-O 8. Bg5 h6 9. Be3 b6 10. Qc1 Nf5 11. Bd2 Kh7 12. e3 Bb7 13. a3 d5 14.
cxd5 exd5 15. Ne2 Rc8 16. Nf4 d4 17. e4 Nfe7 18. h4 Qd6 19. Nh2 Ne5 20. Qb1 Ba6 21.
Rd1 f5 22. a4 Rce8 23. Ra3 Ng8 24. exf5 gxf5 25. Nh5 Nf6 26. Nxg7 Kxg7 27. Qc1 Neg4 28.
Bf4 Qe6 29. Nf3 Nd5 30. a5 Nxf4 31. Qxf4 b5 32. Raa1 b4 33. Qc7+ Qe7 34. Qc6 Bb7 35.
Qb5 a6 36. Qc4 Bxf3 37. Bxf3 Ne5 38. Qd5 Rd8 39. Qb7 Rd7 40. Qxa6 Nxf3+ 41. Kg2 Ne5 42. Re1 Re8 43. h5 Qd6 44. Qxd6 Rxd6 45. f4 Kf6 46.
fxe5+ Rxe5 47. Rxe5 Kxe5 48. a6 Rd8 49. Kf3 Ra8 50. a7 b3 51. Ra5 Kd5 52. Kf4 Kc6 53. Kxf5 Kb6 54. Ra3 Rxa7 55. Rxb3+ Kc6 56. Kg6 Ra1 57.
Kxh6 Rg1 58. Kh7 Rxg3 59. h6 c4 60. Rb4 Rxd3 61. Rxc4+ Kd5 62. Rc8 Rb3 63. Kg7 Rxb2 64. h7 Rb7+ 65. Kg8 Rxh7 66. Kxh7 d3 67. Kg6 Ke4 68.
Re8+ Kf4 69. Rd8 Ke3 70. Kf5 d2 71. Re8+ Kf3 72. Rd8 Ke3 73. Kg4 Ke2 74. Re8+ Kf2 75. Rd8 Ke2 76. Rxd2+ Kxd2 1/2-1/2

[Event "*** Titled Tuesday Blitz"]
[Site "Chess.com"]
[Date "2020.05.26"]
[Round "10"]
[White "White_Ghost"]
[Black "XDPS"]
[Result "1/2-1/2"]
[WhiteElo "2487"]
[BlackElo "2681"]
[TimeControl "180+1"]
[EndTime "12:04:45 PDT"]
[Termination "Game drawn by repetition"]

1. d4 d5 2. c4 e6 3. Nf3 a6 4. g3 dxc4 5. Bg2 b5 6. O-O Bb7 7.
a4 Nd7 8. b3 cxb3 9. Qxb3 b4 10. a5 Ngf6 11. Nbd2 Be7 12. Nc4 O-O 13. Bd2 Bd5 14.
Rfc1 c5 15. dxc5 Nxc5 16. Qb2 Nfe4 17. Bxb4 Rb8 18. Nb6 Nb3 19. Nxd5 exd5 20. Qxb3 Bxb4 21.
Qd3 Bxa5 22. e3 Bb4 23. Nd4 Qf6 24. Bxe4 dxe4 25. Qxa6 Qxa6 26. Rxa6 Rfe8 27. Rc7 Rbc8 28. Rb7 Bf8 29. Raa7 Rc1+ 30. Kg2 Rc5 31. Rxf7 Rce5 32.
Rfc7 Rg5 33. h4 Rge5 34. Rab7 h6 35. Nc6 R5e6 36. Nd4 Rf6 37. Rc6 Rxc6 38. Nxc6 Re6 39. Nd4 Re8 40. h5 Bc5 41. Nf5 Bf8 42. g4 Kh8 43.
Kg3 Kg8 44. Kf4 Kh8 45. Rd7 Kg8 46. Rd4 Ra8 47. Rxe4 Ra2 48. Kf3 Kf7 49. Rf4 Kg8 50. Rc4 Ra8 51. e4 Re8 52. Rc7 Ra8 53. Kf4 Re8 54. e5 Ra8 55. e6 Ra4+ 56. Kg3 Ra3+ 57. Kg2 Ra4 58. e7 Bxe7 59. Nxe7+ Kf7 60. Nf5+ Kg8 61.
Rxg7+ Kh8 62. Rg6 Kh7 63. Rxh6+ Kg8 64. Rg6+ Kh7 65. h6 Kxg6 66. Kg3 Ra3+ 67. f3 Ra1 68. Kf4 Ra4+ 69. Kg3 Ra1 70. Ne3 Kxh6 71. f4 Kg6 72. g5 Ra3 73. Kf3 Rb3 74. Ke4 Ra3 75. Nd5 Ra1 76. Ke5 Re1+ 77. Kd4 Kf5 78. Kc5 Rc1+ 79. Kd6 Rd1 80. Kc6 Rc1+ 81. Kd6 Rd1 82. Kc6 Rc1+ 83.
Kd6 1/2-1/2

[Event "*** Titled Tuesday Blitz"]
[Site "Chess.com"]
[Date "2020.05.26"]
[Round "10"]
[White "RubensCezila"]
[Black "MaxVavulin"]
[Result "1/2-1/2"]
[WhiteElo "2466"]
[BlackElo "2599"]
[TimeControl "180+1"]
[EndTime "12:04:46 PDT"]
[Termination "Game drawn by repetition"]

1. c4 g6 2. h4 Nf6 3. e3 Bg7 4. Nc3 d6 5. d4 Nc6 6. Nge2 e5 7. d5 Ne7 8. Ng3 h5 9. e4 O-O 10. Be2 Kh8 11. Bg5 Nh7 12. Be3 c5 13. dxc6 bxc6 14. Qd2 Qc7 15. c5 d5 16. exd5 cxd5 17.
Nxd5 Nxd5 18. Qxd5 Bb7 19. Qd6 Qxd6 20. cxd6 Bxg2 21.
Rg1 Bd5 22. b3 Rfd8 23. Bc5 Bf8 24. Rd1 Be6 25. Ne4 Bf5 26. Nc3 Nf6 27. Bc4 Kg7 28.
Nb5 Ne4 29. Ba3 a6 30. Nc7 Ra7 31. Nxa6 Nxd6 32. Be2 Bc8 33. Bc5 Rxa6 34. Bxa6 Bxa6 35. Rg3 f6 36. Rc3 Rc8 37. Bb4 Rxc3 38. Bxc3 Kf7 39. Bb4 Ke6 40. a4 Be7 41. f3 Nf5 42. Bxe7 Kxe7 43. b4 Bb7 44. Kf2 Nxh4 45. b5 Nxf3 46. a5 Nd4 47. a6 Bc8 48. a7 Bb7 49. Ra1 Nxb5 50. Rb1 Nxa7 51. Rxb7+ Ke6 52. Rxa7 Kf5 53. Ra6 Kg5 54. Kg3 f5 55. Re6 e4 56. Re5 h4+ 57. Kh3 Kf4 58. Re8 g5 59. Rg8 e3 60. Rf8 Ke4 61. Kg2 f4 62. Re8+ Kf5 63. Kf3 g4+ 64.
Ke2 h3 65. Rh8 Kg5 66. Rh7 Kf5 67. Rh8 Ke4 68. Re8+ Kd4 69. Rd8+ Ke5 70. Re8+ Kf5 71. Rf8+ Kg5 72. Rh8 Kg6 73. Rh4 Kf5 74. Rh8 1/2-1/2

[Event "*** Titled Tuesday Blitz"]
[Site "Chess.com"]
[Date "2020.05.26"]
[Round "10"]
[White "SerGo055"]
[Black "Anton_Demchenko"]
[Result "0-1"]
[WhiteElo "2569"]
[BlackElo "2820"]
[TimeControl "180+1"]
[EndTime "12:04:48 PDT"]
[Termination "Anton_Demchenko won by resignation"]

1. d4 Nf6 2. Nf3 g6 3. c4 Bg7 4. Nc3 O-O 5. Bg5 c5 6. d5 d6 7.
Qd2 Bf5 8. Bh6 Na6 9. h4 Bxh6 10. Qxh6 Ng4 11. Qd2 h5 12. e4 Bd7 13. Be2 Nc7 14. a4 e5 15. dxe6 Nxe6 16. Qxd6 Bc6 17. Qxd8 Raxd8 18. Nd5 Bxd5 19. exd5 Nf4 20. g3 Nxe2 21.
Kxe2 Rfe8+ 22. Kf1 Rd6 23. Nd2 Rf6 24. f3 Ne5 25. Re1 Kf8 26. f4 Ng4 27. Rxe8+ Kxe8 28. Ke2 Rb6 29. b3 f5 30. Re1 Kd7 31. Kd3 a6 32. Kc3 Rf6 33. Nf3 Kc7 34. Re7+ Kc8 35. Ne5 Nf2 36.
d6 Rxd6 37. Re8+ Kc7 38. Re7+ Kc8 39. Rg7 Ne4+ 40. Kc2 Rd2+ 41. Kc1 Rg2 42. Rxg6 Rxg3 43. Rxg3 Nxg3 44. Kd2 Ne4+ 45. Ke3 Kc7 46. Nf7 b6 47. Ng5 Nf6 48. Nf3 Ng4+ 49. Ke2 Kd6 50. Ng5 Nf6 51.
Kf3 Kc6 52. Ke2 Kd6 53. Ke3 Ng4+ 54. Kf3 Ke7 55. Kg3 Kf6 56. Nf3 Ne3 57. Kf2 Nc2 58.
Nd2 Nd4 59. Ke3 Ke6 60. Kd3 Kd6 61. b4 Ne6 62. b5 axb5 63. cxb5 Nxf4+ 64. Ke3 Ne6 65. Nc4+ Kc7 66. Kf3 Kb7 67. Ke3 Kc7 68.
Kf3 Nd4+ 69. Kf4 Ne2+ 70. Kxf5 Nc3 71. Nb2 Nd5 72. Kg5 Ne3 73. Kxh5 c4 74. Kg5 c3 75. Nd3 c2 76. h5 Nc4 77. h6 Ne5 78. Kf6 Nxd3 79. h7 c1=Q 80. h8=Q Qc3+ 0-1

[Event "*** Titled Tuesday Blitz"]
[Site "Chess.com"]
[Date "2020.05.26"]
[Round "10"]
[White "chenrip"]
[Black "amiralfio"]
[Result "1-0"]
[WhiteElo "2307"]
[BlackElo "2396"]
[TimeControl "180+1"]
[EndTime "12:04:49 PDT"]
[Termination "chenrip won by resignation"]

1. e4 c6 2. d4 g6 3. Nc3 Bg7 4. Be3 d5 5. e5 Bf5 6. Qd2 h5 7.
g3 e6 8. f3 Nh6 9. h3 g5 10.
Bxg5 Qb6 11. O-O-O Nd7 12. g4 Bg6 13. Nge2 c5 14.
Bxh6 Bxh6 15. g5 Bg7 16. f4 O-O-O 17. dxc5 Nxc5 18. Nd4 Kb8 19. Bg2 Rc8 20. Kb1 a6 21. f5 Bxf5 22. Nxf5 exf5 23. Nxd5 Qb5 24. Qe3 Rhe8 25.
Nf6 Bxf6 26. gxf6 Na4 27. Qb3 Rxe5 28. Rhe1 Rxe1 29. Rxe1 Rc7 30. a3 Nc5 31. Qxb5 axb5 32. Re5 Ne6 33. Rxf5 h4 34. Rxb5 Kc8 35. Rh5 Rc4 36. Bd5 Rf4 37. Bxe6+ fxe6 38. Rh7 Rxf6 39. Rxh4 Rf1+ 40. Ka2 Rh1 41. Kb3 Kd7 42. Kc3 Kc6 43. b4 Rh2 44. Kb3 Kd5 45. c3 e5 46. c4+ Kd6 47. Rh6+ Kd7 48. c5 e4 49. Kc4 Ra2 50.
Kd4 Rxa3 51. Kxe4 Rb3 52. Kd5 Rxb4 53. Rh7+ Kc8 54. h4 Rb1 55. h5 Rd1+ 56. Kc4 Rc1+ 57.
Kd5 Rd1+ 58. Ke5 Re1+ 59. Kd6 Rd1+ 60. Ke6 Re1+ 61. Kf6 Rc1 62. h6 Rxc5 63. Re7 Rh5 64. Kg6 Rh1 65. h7 Rg1+ 66. Kf5 Rf1+ 67. Kg4 Rg1+ 68.
Kf3 Rh1 69. Re8+ Kd7 70. h8=Q Rxh8 71. Rxh8 Kc6 72. Ke3 Kb5 73. Kd3 b6 74. Kc3 Ka6 75.
Kb4 b5 76. Rh6+ Ka7 77. Kxb5 Kb7 78. Rh7+ Kc8 79. Kb6 Kd8 80. Kc6 Ke8 81. Kd6 Kf8 82. Ke6 Kg8 83. Ra7 Kh8 84. Kf6 Kg8 85. Rb7 Kh8 86.
Kg6 Kg8 1-0

[Event "*** Titled Tuesday Blitz"]
[Site "Chess.com"]
[Date "2020.05.26"]
[Round "10"]
[White "Korchmar_Vasiliy"]
[Black "VMikhalevski"]
[Result "1-0"]
[WhiteElo "2599"]
[BlackElo "2736"]
[TimeControl "180+1"]
[EndTime "12:04:51 PDT"]
[Termination "Korchmar_Vasiliy won by resignation"]

1. d4 Nf6 2. c4 g6 3. Nc3 d5 4. Nf3 Bg7 5. Bf4 O-O 6. e3 c5 7.
dxc5 Ne4 8. Rc1 Nxc3 9. bxc3 dxc4 10. Qxd8 Rxd8 11. Bxc4 Nd7 12. Ng5 Rf8 13. Ne4 b6 14.
Bd5 Ba6 15. Bxa8 Rxa8 16. c6 Ne5 17. Bxe5 Bxe5 18. f4 Bg7 19. Kf2 Rc8 20. Rhd1 Bf8 21. Rd7 Rxc6 22. Rxa7 Bd3 23. Ng5 f6 24. Nf3 Bc4 25.
Rd1 Rc8 26. Rdd7 Kf7 27. Rdc7 Rxc7 28. Rxc7 Bxa2 29. Rb7 h6 30. Rxb6 g5 31. g3 e6 32.
Rc6 Bd5 33. Rc7+ Kg6 34. c4 Be4 35. c5 gxf4 36. exf4 Bd5 37. g4 h5 38. h3 hxg4 39.
hxg4 Bh6 40. Kg3 Bf8 41. Rc8 Kf7 42. Rc7+ Ke8 43. Rc8+ Kf7 44. Kf2 Be7 45. Rc7 Ke8 46. Rc8+ Kd7 47. Rh8 Bxc5+ 48. Kg3 Bd6 49. Rh7+ Ke8 50. Rh8+ Kf7 51. Rh7+ Kg8 52. Rd7 Bb4 53. Rc7 Kf8 54. Ra7 Bc5 55. Rc7 Bd6 56. Rh7 Be7 57.
Rh8+ Kg7 58. Rh1 Bd6 59. Rd1 Bc5 60. Rd2 Bb4 61. Rd3 Kf7 62. Rd4 Bc3 63. Ra4 Ke7 64. Ra7+ Kd6 65. Ra6+ Ke7 66. Ra3 Bb2 67. Ra7+ Kd6 68.
Rh7 Be4 69. Ra7 Bc3 70. Ra6+ Kd5 71. Ra3 Bb2 72. Ra5+ Kd6 73. Ra6+ Kd5 74. g5 fxg5 75.
fxg5 Bc1 76. Nh4 Bxg5 77. Ra5+ Kd4 78. Rxg5 e5 79. Ng6 1-0

[Event "*** Titled Tuesday Blitz"]
[Site "Chess.com"]
[Date "2020.05.26"]
[Round "10"]
[White "dopolian"]
[Black "Moon_stone123"]
[Result "0-1"]
[WhiteElo "2342"]
[BlackElo "2511"]
[TimeControl "180+1"]
[EndTime "12:04:52 PDT"]
[Termination "Moon_stone123 won by resignation"]

1. e4 c5 2. Nf3 d6 3. d4 cxd4 4.
Nxd4 Nf6 5. Nc3 g6 6. Be3 Bg7 7. f3 Nc6 8. Qd2 O-O 9. g4 Be6 10. O-O-O Nxd4 11. Bxd4 Qa5 12. a3 Rfc8 13. h4 Rab8 14. h5 b5 15. h6 Bh8 16. Nd5 Qxd2+ 17. Rxd2 Bxd5 18. exd5 a6 19. g5 Nh5 20. Bxh8 Kxh8 21.
Bh3 Rc7 22. Bg4 Nf4 23. Re1 Kg8 24. Rd4 Ng2 25. Re2 Nh4 26. Rde4 Kf8 27. c3 a5 28.
Kb1 Rcb7 29. b4 axb4 30. axb4 Rc7 31. Kb2 Ra8 32. Kc2 Ra2+ 33. Kd3 Ra3 34. Rc2 Ng2 35.
Rxg2 Raxc3+ 36. Ke2 Rc2+ 37. Kf1 Rc1+ 38. Kf2 Rd1 39. Kg3 Rxd5 40. Rge2 e5 41. Ra2 Ke7 42. Ra8 f5 43. gxf6+ Kxf6 44. Rf8+ Kg5 45. f4+ exf4+ 46. Rexf4 Rc3+ 47. Bf3 Rf5 48. Rf7 Rxf4 49. Rxf4 d5 50.
Rf7 Kxh6 51. Rb7 d4 52. Rxb5 d3 53. Rd5 Rb3 54. Rd4 d2 55. Kf2 Kg5 56. Ke2 Rb2 57.
Kd1 h5 58. Be4 h4 59. Bc2 h3 60. Kxd2 h2 61. Kc3 Rxc2+ 62. Kxc2 h1=Q 63. Kc3 Qf3+ 64. Kc4 Qc6+ 65. Kb3 Kf5 66. Rc4 Qd5 67. Kc3 Ke6 68. Rc5 Qf3+ 69. Kc4 Qe2+ 70. Kb3 Qd3+ 71. Ka4 Kd6 72.
Ra5 Qc2+ 73. Ka3 Qc3+ 74. Ka4 Qc2+ 75. Ka3 Kc6 76. Ra6+ Kb5 77. Ra5+ Kb6 78. Rc5 Qxc5 79. bxc5+ Kxc5 80. Kb3 Kd4 81. Kc2 Ke3 82. Kd1 Kf2 83. Kd2 g5 84. Kd3 g4 0-1

[Event "*** Titled Tuesday Blitz"]
[Site "Chess.com"]
[Date "2020.05.26"]
[Round "10"]
[White "tteshan"]
[Black "rynos0411"]
[Result "0-1"]
[WhiteElo "2201"]
[BlackElo "2367"]
[TimeControl "180+1"]
[EndTime "12:05:00 PDT"]
[Termination "rynos0411 won by resignation"]

1. e4 c6 2. d4 d5 3. Nc3 dxe4 4. Nxe4 Nf6 5. Nxf6+ exf6 6. c3 Be6 7. Bd3 Bd6 8.
Ne2 Qc7 9. h3 Nd7 10. O-O O-O 11. Be3 c5 12. Qc2 h5 13. Rad1 cxd4 14. Nxd4 Nc5 15.
Bh7+ Kh8 16. Nb5 Bh2+ 17. Kh1 Qb6 18. b4 Qxb5 19. Bxc5 Bc7 20. Bxf8 Rxf8 21. Bd3 Qc6 22. Rfe1 Be5 23. Be4 Qxc3 24. Qxc3 Bxc3 25. Re3 Bxb4 26. a3 Bc5 27. Rc3 b6 28. Kg1 Re8 29. Bf3 g6 30.
Kf1 Kg7 31. a4 a5 32. Bc6 Rc8 33. Bd7 Rd8 34. Rcd3 Bc4 35. Bb5 Bxd3+ 36. Rxd3 Rc8 37. Rd7 Bb4 38. g3 Rc1+ 39. Ke2 Rc2+ 40. Kf3 Bc5 41.
Rc7 Rxf2+ 42. Ke4 f5+ 43. Ke5 Rd2 44. Rd7 Rxd7 45. Bxd7 Bf2 46. g4 fxg4 47. hxg4 h4 48. Kf4 Kf6 49. Bb5 Bg3+ 50. Kf3 Kg5 51. Be8 f5 52.
gxf5 Kxf5 53. Bc6 g5 54. Bd7+ Ke5 55. Bh3 Kd4 56. Bg4 Kc4 57. Bd7 Bf4 58. Kg4 Kd3 59.
Bb5+ Ke3 60. Bd7 Kf2 61. Kh3 Kf3 62. Be6 b5 63. axb5 a4 64. b6 a3 65. Bd5+ Kf2 66. b7 Ke3 67. Kg4 Kd4 68. Ba2 Ke3 69. Bd5 Kd2 70. b8=Q Bxb8 71. Kxg5 h3 72. Kg4 h2 73.
Kh3 a2 74. Bxa2 h1=Q+ 75. Kg4 Qe1 76. Be6 Ke3 77. Kf5 Qf2+ 78. Kg6 Kd4 79. Bf7 Ke5 80. Bg8 Qf6+ 81. Kh7 Qg5 82. Be6 Kf6 0-1